 Dungeon Crawl Stone Soup version 0.28-a0-21-gf74fda84f9 (webtiles) character file.

Game seed: 12701786227348763159

42 robertstho the Magician (level 3, -6/25 HPs)
             Began as a Djinni Fire Elementalist on July 26, 2021.
             Mangled by Sigmund (11 damage)
             ... on level 2 of the Dungeon.
             The game lasted 00:02:47 (1470 turns).

robertstho the Magician (Djinni Fire Elementalist)  Turns: 1470, Time: 00:02:48

Health: -6/25      AC:  3    Str:  7    XL:     3   Next: 80%
Gold:   22         EV: 12    Int: 17    God:
                   SH:  0    Dex: 13

rFire   + + +      SeeInvis .   c - +0 short sword
rCold   . . .      Faith    .   (no shield)
rNeg    . . .      Spirit   .   a - +0 robe
rPois   ∞          Reflect  .   (no helmet)
rElec   +          Harm     .   d - +0 cloak
rCorr   +          Rampage  .   (no gloves)
Will    .....                   (boots unavailable)
Stlth   +.........              (no amulet)
HPRegen 0.08/turn               (no ring)
MPRegen 0.00/turn               (no ring)

@: confused, resistant, flying, hasted, very quick
A: sickness immunity, fire resistance 2, cold vulnerability 1, float, innate
caster, hp casting, extra vitality 1
a: no special abilities


You were on level 2 of the Dungeon.
You visited 1 branch of the dungeon, and saw 2 of its levels.

You collected 22 gold pieces.

Inventory:

Hand Weapons
 c - a +0 short sword (weapon)
Missiles
 g - a throwing net
Armour
 a - a +0 robe (worn)
 d - a +0 cloak (worn)
Scrolls
 b - a scroll of immolation {unknown}
 e - a scroll of holy word {unknown}
 f - a scroll of fear {unknown}
 h - a scroll of blinking {unknown}
Potions
 i - a potion of curing {unknown}
 j - a potion of resistance
 k - a potion of haste


   Skills:
 + Level 2.2 Dodging
 + Level 1.6 Stealth
 * Level 3.4 Spellcasting


You couldn't memorise any spells.
You knew the following spells:

 Your Spells              Type           Power      Damage    Failure   Level
a - Foxfire               Conj/Fire      56%        2x1d6     4%          1
b - Conjure Flame         Conj/Fire      14%        6-21      12%         3
c - Inner Flame           Hex/Fire       14%        N/A       12%         3
d - Sticky Flame          Conj/Fire      14%        2d4       38%         4
e - Fireball              Conj/Fire      7%         3d5       75%         5
f - Sandblast             Erth           28%        2d8       4%          1
Your spell library was empty.

Dungeon Overview and Level Annotations

Branches:
Dungeon (2/15)

Altars:

Annotations:
D:2 1 runed translucent door, Crazy Yiuf, Sigmund


Innate Abilities, Weirdness & Mutations

You are immune to sickness and miasma.
You are immune to poison.
Your flesh is very heat resistant. (rF++)
You are vulnerable to cold. (rC-)
You float through the air rather than walking.
You learn spells naturally, not from books.
Your magical power is your life essence.
You have superior vitality. (+4 HP)


Message History

You conjure some foxfire!
The goblin hits you but does no damage.
Unknown command.
Your foxfire dissipates!
The foxfire hits something.
The foxfire hits the goblin.
The goblin is severely wounded.
The foxfire hits something.
Unknown command.
Casting: Foxfire (safe; 4% risk of failure)
Press: ? - help, Q - select action, (/) - cycle Dir - look around, f - activate You conjure some foxfire!
Something hits you!
Ouch! That really hurt!
* * * LOW HITPOINT WARNING * * *
The goblin closely misses you.
Casting: Foxfire (safe; 4% risk of failure)
Press: ? - help, Q - select action, (/) - cycle Dir - look around, f - activate You conjure some foxfire!
* * * LOW HITPOINT WARNING * * *
The foxfire hits something.
The foxfire hits the goblin.
You kill the goblin!
Something barely misses you.
Unknown command.
The foxfire hits something but does no damage. x2
You hear some strange, mumbled words.
You are confused.
You are too confused!
It was a potion of resistance.
You feel protected.
A puff of flame appears from out of thin air!
The puff of flame hits you. You resist.
* * * LOW HITPOINT WARNING * * *
It was a potion of haste.
You feel yourself speed up.
You bump into the rock wall.
You hear some strange, mumbled words.
You are more confused.
You hear some strange, mumbled words.
Something tries to affect you, but you resist.
Something hits you!
You die...

.# #..####+..+# ## #.#.#.#....#
#.. ...... ### #.#...##...# ..
...... ..# #.#...##...# #.##
...... ..# #.#...##.###
###..##...... ..######.#...##.#
.....+...... .......)........#
#...#..?...
...#######....##########..#(.....
.#.###.#..÷.....@.........)).(...
.......#.#....##########...#+#+##
.#.###.#.#....# #<#.# .#.#
#.#.#....# #+#†# .#.# #.#.#....#
..# .#.# #.#.#.#### ... .#.#
#.#.#.# ... .#.# #.#.#.# .....
.#.# #.# #.#


There were no monsters in sight!

Vanquished Creatures
  Jessica (D:2)
  A worm (D:2)
  A giant cockroach (D:1)
  3 goblins
  A jackal (D:1)
  A ball python (D:2)
  4 bats
  A kobold (D:1)
  3 rats
16 creatures vanquished.

Vanquished Creatures (others)
  81 foxfires
81 creatures vanquished.

Grand Total: 97 creatures vanquished

Notes
Turn   | Place    | Note
-------+----------+-------------------------------------------
     0 | D:1      | robertstho the Djinni Fire Elementalist began the quest for
                  | the Orb.
     0 | D:1      | Reached XP level 1. HP: 15/15 MP: 0/0
   381 | D:1      | Reached XP level 2. HP: 14/21 MP: 0/0
  1112 | D:2      | Noticed Jessica
  1117 | D:2      | Killed Jessica
  1118 | D:2      | Reached skill level 3 in Spellcasting
  1118 | D:2      | Reached XP level 3. HP: 20/25 MP: 0/0
  1118 | D:2      | Learned a level 1 spell: Sandblast
  1365 | D:2      | Found a runed translucent door.
  1366 | D:2      | Noticed Crazy Yiuf
  1444 | D:2      | Noticed Sigmund
  1470 | D:2      | Mangled by Sigmund

Illustrated notes

Levels and vault maps discovered:
D:1:      dpeg_arrival_three_smaller_balls, layout_basic, supply_closet_lemuel,
          serial_bayou_pond_c, chequers_mini_garden, minmay_pentomino_v2
D:2:      layout_basic, uniq_sigmund, uniq_jessica, uniq_crazy_yiuf_cottage

Skill      XL: |  1  2 |
---------------+-------+-----
Spellcasting   | 3 |  3.4
Dodging        | |  2.2
Stealth        | |  1.6

Action                   || total
-------------------------++-------
Melee: Short sword       ||     2
 Cast: Foxfire           ||    49
  Use: Potion            ||     2
Armor: Robe              ||     3
Dodge: Dodged            ||     8

Table legend: (Time is in decaauts)
 A = Elapsed time spent in this place.
 B = Non-inter-level travel time spent in this place.
 C = Inter-level travel time spent in this place.
 D = Time resting spent in this place.
 E = Time spent auto-exploring this place.
 F = Levels seen in this place.
 G = Mean time per level.
                   A        B        C        D        E       F      G
               +--------+--------+--------+--------+--------+-----+--------+
         Total |   1466 |   1434 |     32 |      0 |   1314 |   2 |  733.0 |
       Dungeon |   1466 |   1434 |     32 |      0 |   1314 |   2 |  733.0 |
               +--------+--------+--------+--------+--------+-----+--------+

Top non-repeatable levels by time:
     D:1: 971 daAuts
     D:2: 495 daAuts
